 Dungeon Crawl Stone Soup version 0.20-a0-751-g905781e (webtiles) character file.

187314 Amciq the Tortoise (level 17, -9/166 HPs)
             Began as a Minotaur Berserker on Feb 25, 2017.
             Was a High Priest of Trog.
             Killed from afar by a deep elf annihilator (33 damage)
             ... with an iron shot
             ... on level 3 of the Elven Halls.
             The game lasted 01:54:21 (26698 turns).

Amciq the Tortoise (Minotaur Berserker)            Turns: 26698, Time: 01:54:21

Health: -9/166     AC: 30    Str: 30    XL:     17   Next: 44%
Magic:  16/16      EV: 17    Int:  4    God:    Trog [*****.]
Gold:   1568       SH: 19    Dex: 19    Spells: 16/16 levels left

rFire    . . .     SeeInvis .   G - +6 hand axe "Doipovam" {vamp, rN+}
rCold    + . .     Gourm    .   O - +5 plate armour {MR+}
rNeg     + . .     Faith    +   U - +0 large shield
rPois    .         Spirit   .   K - +0 hat
rElec    .         Reflect  .   I - +0 cloak
rCorr    .         Harm     .   X - +0 pair of gloves
MR       ++...                  q - +1 pair of boots {Stlth+}
Stlth    ..........             i - amulet of faith
Regen    0.4/turn               B - +4 ring of strength
MPRegen  0.2/turn               x - +6 ring of dexterity

@: no status effects
A: retaliatory headbutt, fangs 1, horns 2, repulsion field 1, cold resistance 1,
subdued magic 1
}: 1/15 runes: barnacled
a: Berserk, Trog's Hand, Brothers in Arms, Burn Spellbooks, Renounce Religion


You were on level 3 of the Elven Halls.
You worshipped Trog.
Trog was extremely pleased with you.
You were not hungry.

You visited 5 branches of the dungeon, and saw 27 of its levels.
You also visited: Ossuary and Ice Cave.

You collected 2414 gold pieces.
You spent 846 gold pieces at shops.

Inventory:

Hand Weapons
 z - a +6 battleaxe of electrocution
 G - the +6 hand axe "Doipovam" (weapon) {vamp, rN+}
   (You bought it in a shop on level 11 of the Dungeon)

   It inflicts no extra harm, but heals its wielder when it wounds a living foe.
   It protects you from negative energy.
 Y - a +4 executioner's axe of protection
Armour
 q - a +1 pair of boots of stealth (worn)
 I - a +0 cloak (worn)
 K - a +0 hat (worn)
 O - a +5 plate armour of magic resistance (worn)
 U - a +0 large shield (worn)
 X - a +0 pair of gloves (worn)
Jewellery
 d - an uncursed ring of see invisible
 g - an uncursed ring of flight
 i - an amulet of faith (around neck)
 x - a +6 ring of dexterity (left hand)
 B - a +4 ring of strength (right hand)
 F - an uncursed ring of resist corrosion
 M - an uncursed ring of ice
 P - a +3 amulet of reflection
 R - an uncursed ring of protection from cold
 S - an uncursed ring of ice
 V - an uncursed ring of protection from fire {unknown}
 W - an uncursed ring of ice
Wands
 l - a wand of paralysis (10/24)
 J - a wand of digging (17/24)
Scrolls
 a - 3 scrolls of blinking
 e - 2 scrolls of identify
 k - 3 scrolls of magic mapping
 n - 14 scrolls of teleportation
 r - 2 scrolls of recharging
 s - 5 scrolls of fear
 u - a scroll of silence
 y - 5 scrolls of remove curse
 A - 5 scrolls of fog
 D - a scroll of enchant weapon
Potions
 b - 2 potions of agility
 h - 12 potions of curing
 m - 3 potions of cancellation
 o - 5 potions of heal wounds
 p - 3 potions of ambrosia
 v - 4 potions of flight
 C - a potion of resistance
 E - 3 potions of haste
 H - 2 potions of brilliance
 N - 3 potions of might
Miscellaneous
 L - a lightning rod (3/4)
Comestibles
 c - 14 bread rations
 f - 9 fruits
 j - 10 meat rations
 t - 20 royal jellies


   Skills:
 * Level 18.5 Fighting
 * Level 18.7 Axes
 * Level 19.0 Armour
 + Level 13.8 Dodging
 * Level 9.6 Shields


You had 16 spell levels left.
You didn't know any spells.

Dungeon Overview and Level Annotations

Branches:
Dungeon (12/15)            Temple (0/1) D:4            Lair (6/6) D:9
 Shoals (4/4) Lair:4        Snake (0/4) Lair:3        Slime (0/5) Lair:5
    Orc (2/2) D:10            Elf (3/3) Orc:2

Altars:
Cheibriados
Gozag
Hepliaklqana
Ru
Vehumet
Yredelemnul
Beogh
Jiyva

Shops:
D:5 }   D:6 }   D:11 (   D:12 *   Orc:2 (?=%%   Elf:2 :

Annotations:
Lair:4 exclusion: 2 oklob plants
Elf:2 3 runed doors


Innate Abilities, Weirdness & Mutations

You reflexively headbutt those who attack you in melee.
You have a pair of horns on your head.
You have very sharp teeth.
You are surrounded by a mild repulsion field. (EV +2)
Your flesh is cold resistant. (rC+)
Your spells are a little easier to cast, but a little less powerful.


Message History

The deep elf annihilator is almost dead.
The deep elf annihilator points at you and mumbles some strange words.
The crystal spear hits you!
The deep elf high priest calls down the wrath of its god upon you.
Something smites you!
The deep elf death mage beckons forth a restless soul!
The deep elf sorcerer gestures at you while chanting.
The bolt of acid hits you!
You are splashed with acid!
The acid burns!
The deep elf annihilator gestures wildly while chanting.
The deep elf annihilator blinks!
The deep elf high priest calls down the wrath of its god upon you.
The sphere of damnation explodes!
The damnation engulfs you!
* * * LOW HITPOINT WARNING * * *
You hear a shout! x12
The deep elf annihilator seems less brilliant.
The deep elf sorcerer seems less brilliant.
The deep elf death mage seems less brilliant.
The deep elf annihilator gestures at you while chanting.
The iron shot hits you!
You die...

...##############...#.#.#
...'..............+..#..+
...################.#.#.#
#.?# #.......## ####
#.######## #.# #e# #.#
#@# #.# #e# #.ยง.#
#.....# #...e*..#
##.....## ##.e.## ##e##


You could see a deep elf annihilator, a deep elf death mage, a deep elf
sorcerer, a deep elf high priest and a lost soul.

Vanquished Creatures
  Ilsuiw (Shoals:4)
  A frost giant (IceCv)
  2 deep elf elementalists
  A stone giant (Shoals:1)
  2 entropy weavers (Lair:6)
  Azrael (Orc:2)
  7 merfolk javelineers
  Josephine (Shoals:1)
  9 merfolk impalers
  Erolcha (Orc:2)
  An ice dragon (D:12)
  Fannar (D:11)
  3 catoblepae (Lair:6)
  An alligator snapping turtle (Shoals:4)
  A merfolk avatar (Shoals:3)
  4 hydras
  3 satyrs
  7 merfolk aquamancers
  A queen ant (Lair:6)
  9 dancing weapons
  9 death yaks (Lair:6)
  2 two-headed ogres
  10 deep elf knights
  An orc high priest (Elf:2)
  A sixfirhy (D:7)
  6 sea snakes
  5 deep elf archers (Elf:1)
  2 orc knights
  Pikel (D:7)
  2 large abominations (Elf:2)
  3 lindwurms
  5 harpies (Shoals:1)
  An orc sorcerer (Orc:2)
  16 fauns
  3 cyclopes
  7 manticores
  12 elephants
  37 deep elf magi
  A black mamba (Lair:2)
  An ice statue (IceCv)
  5 merfolk sirens
  8 water nymphs
  Psyche (D:9)
  16 spiny frogs
  The ghost of AlphabetPasta the Chopper, a novice DsMo of Wu Jian (D:5)
  4 rime drakes
  3 komodo dragons
  A queen bee (Lair:4)
  37 merfolk
  3 trolls
  13 blink frogs
  3 meliai (Lair:4)
  2 wind drakes (Shoals:4)
  20 polar bears
  11 dream sheep
  9 snapping turtles
  12 hippogriffs
  Sigmund (D:4)
  A shadow (D:11)
  7 fire elementals
  2 wyverns
  62 yaks
  4 hogs (D:7)
  2 basilisks
  4 wraiths (Shoals:1)
  A human (D:7)
  20 water elementals
  5 air elementals
  A steam dragon (D:8)
  A hungry ghost (D:11)
  4 nagas (Lair:3)
  A warg (Elf:2)
  7 soldier ants (Lair:6)
  2 insubstantial wisps (D:8)
  2 hell hounds (Orc:2)
  19 water moccasins
  8 porcupines
  A slave (D:7)
  7 ice beasts
  36 orc warriors
  4 sky beasts
  5 black bears
  2 phantoms
  9 ogres
  17 wolves
  16 centaurs
  13 crocodiles
  2 big kobolds
  6 elf zombies
  A wyvern zombie (D:9)
  16 bullfrogs
  2 scorpions
  30 killer bees
  4 howler monkeys
  7 wights
  2 crimson imps
  17 orc priests
  A bullfrog zombie (D:12)
  7 hounds
  A human zombie (Ossuary)
  20 orc wizards
  6 centaur skeletons
  2 jellies
  An iguana (D:5)
  27 worker ants
  2 killer bee zombies
  A big kobold zombie (Ossuary)
  A hound skeleton (D:8)
  2 mummies (Ossuary)
  11 adders
  A shadow imp (D:6)
  2 oozes (D:2)
  2 adder skeletons
  4 dart slugs
  4 leopard geckos
  90 orcs
  7 bats
  6 giant cockroaches
  4 goblins
  5 hobgoblins
  3 jackals (D:3)
  7 quokkas
  3 ball pythons
  9 frilled lizards
  10 hobgoblin zombies (Ossuary)
  2 jackal zombies (Ossuary)
  18 kobolds
  9 kobold zombies (Ossuary)
  A leopard gecko skeleton (D:4)
  10 orc zombies (Ossuary)
  A quokka zombie (D:8)
  2 rats (D:1)
  A rat zombie (Ossuary)
  9 fungi
  2 plants
976 creatures vanquished.

Vanquished Creatures (collateral kills)
  Louise (Shoals:1)
  The ghost of Vi the Grappler, a journeyman TrFi of Makhleb (Lair:5)
  Nessos (Orc:2)
  A merfolk impaler (Shoals:4)
  2 merfolk javelineers
  3 hydras
  3 merfolk aquamancers (Shoals:4)
  A death yak (Lair:6)
  A deep elf knight (Elf:1)
  2 deep elf archers (Elf:1)
  An orc knight (Orc:2)
  2 fauns (Shoals:2)
  A manticore (Shoals:4)
  3 deep elf magi
  A merfolk siren (Shoals:4)
  A large abomination (Elf:2)
  A polar bear (Lair:5)
  3 merfolk
  3 slime creatures (D:12)
  2 water elementals
  A soldier ant (Lair:6)
  3 orc warriors
  A wight (D:11)
  An electric eel (Lair:2)
  A bullfrog zombie (D:12)
  An orc wizard (Orc:2)
  A worker ant (Lair:6)
  3 orcs
46 creatures vanquished.

Vanquished Creatures (others)
  An orc warrior (Orc:2)
  A slave (D:7)
  2 fungi (Lair:6)
  14 plants
18 creatures vanquished.

Grand Total: 1040 creatures vanquished

Notes
Turn   | Place    | Note
-------+----------+-------------------------------------------
     0 | D:1      | Amciq the Minotaur Berserker began the quest for the Orb.
     0 | D:1      | Reached XP level 1. HP: 19/19 MP: 0/0
   253 | D:1      | Reached XP level 2. HP: 27/27 MP: 1/1
   311 | D:1      | Found a snail-covered altar of Cheibriados.
   594 | D:2      | Reached XP level 3. HP: 33/33 MP: 2/2
   773 | D:2      | Reached skill level 3 in Armour
   892 | D:2      | Reached ** piety under Trog
   934 | D:2      | Reached XP level 4. HP: 20/40 MP: 3/3
  1530 | D:3      | Noticed a bullfrog
  1538 | D:3      | Killed a bullfrog
  1538 | D:3      | Reached XP level 5. HP: 47/47 MP: 4/4
  1686 | D:3      | Reached skill level 4 in Armour
  1993 | D:4      | Noticed Sigmund
  2000 | D:4      | Killed Sigmund
  2000 | D:4      | Reached skill level 5 in Fighting
  2000 | D:4      | Reached skill level 5 in Axes
  2000 | D:4      | Reached XP level 6. HP: 56/56 MP: 5/5
  2184 | D:4      | Found a staircase to the Ecumenical Temple.
  2197 | D:4      | Reached *** piety under Trog
  2270 | D:4      | Reached skill level 5 in Armour
  2284 | D:4      | Reached XP level 7. HP: 46/62 MP: 6/6
  2485 | D:4      | Found a hazy altar of Hepliaklqana.
  2615 | D:5      | Entered Level 5 of the Dungeon
  2697 | D:5      | Reached skill level 5 in Dodging
  2773 | D:5      | Noticed AlphabetPasta's ghost (novice DsMo)
  2787 | D:5      | Killed AlphabetPasta's ghost
  2787 | D:5      | Reached skill level 6 in Armour
  2787 | D:5      | Reached XP level 8. HP: 51/71 MP: 7/7
  3055 | D:5      | Found Yheomil's Gadget Emporium.
  3422 | D:6      | Gained mutation: You have very sharp teeth. [mutagenic meat]
  3423 | D:6      | Gained mutation: Your mind is acute. (Int +2) [mutagenic meat]
  3424 | D:6      | Gained mutation: Your spells are a little easier to cast, but a little less powerful. [mutagenic meat]
  3425 | D:6      | Gained mutation: Your movements are slightly less encumbered by armour. (ER -2) [mutagenic meat]
  3534 | D:6      | Found Reiv's Gadget Shoppe.
  3679 | D:6      | Noticed a komodo dragon
  3776 | D:6      | Reached skill level 7 in Armour
  4010 | D:6      | Lost mutation: Your movements are slightly less encumbered by armour. (ER -2) [potion of mutation]
  4010 | D:6      | Lost mutation: Your mind is acute. (Int +2) [potion of mutation]
  4010 | D:6      | Gained mutation: You are surrounded by a mild repulsion field. (EV +2) [potion of mutation]
  4010 | D:6      | Gained mutation: Your flesh is cold resistant. (rC+) [potion of mutation]
  4305 | D:7      | Noticed Pikel
  4312 | D:7      | Killed Pikel
  4312 | D:7      | Reached XP level 9. HP: 81/81 MP: 8/8
  4369 | D:7      | Found a runed door.
  4369 | D:7      | Noticed a sixfirhy
  4370 | D:7      | Found a sacrificial altar of Ru.
  4383 | D:7      | Killed a sixfirhy
  4383 | D:7      | Reached skill level 8 in Armour
  4602 | D:7      | Found a sand-covered staircase.
  4607 | Ossuary  | Entered an ossuary
  4717 | Ossuary  | Reached **** piety under Trog
  4942 | D:7      | Found a basalt altar of Yredelemnul.
  5265 | D:7      | Reached skill level 9 in Armour
  5272 | D:7      | Reached XP level 10. HP: 91/91 MP: 9/9
  5329 | D:8      | Noticed a two-headed ogre
  5335 | D:8      | Killed a two-headed ogre
  5957 | D:8      | Reached skill level 10 in Axes
  5975 | D:8      | Reached skill level 10 in Fighting
  6590 | D:9      | Reached skill level 10 in Armour
  6598 | D:9      | Noticed Psyche
  6940 | D:9      | Killed Psyche
  6949 | D:9      | Reached XP level 11. HP: 95/101 MP: 10/10
  7258 | D:9      | Reached ***** piety under Trog
  7287 | D:9      | Found a staircase to the Lair.
  7547 | D:10     | Entered Level 10 of the Dungeon
  8038 | D:10     | Found a staircase to the Orcish Mines.
  8367 | D:10     | Reached skill level 11 in Armour
  8499 | Orc:1    | Entered Level 1 of the Orcish Mines
  8641 | Orc:2    | Entered Level 2 of the Orcish Mines
  8641 | Orc:2    | Noticed an orc sorcerer
  8702 | Orc:2    | Killed an orc sorcerer
  9373 | Lair:1   | Entered Level 1 of the Lair of Beasts
  9690 | Lair:1   | Reached skill level 12 in Armour
  9789 | Lair:1   | Received a gift from Trog
 10273 | Lair:1   | Reached skill level 10 in Dodging
 10597 | Lair:2   | Noticed an eight-headed hydra
 10605 | Lair:2   | Killed a seven-headed hydra
 10605 | Lair:2   | Reached XP level 12. HP: 66/112 MP: 11/11
 11298 | Lair:3   | Found a staircase to the Snake Pit.
 11615 | Lair:3   | Reached skill level 13 in Armour
 12819 | Lair:4   | Reached XP level 13. HP: 122/122 MP: 12/12
 12900 | Lair:4   | Found a staircase to the Shoals.
 13312 | Lair:5   | Found a viscous altar of Jiyva.
 13313 | Lair:5   | Found a staircase to the Slime Pits.
 13313 | Lair:5   | Noticed Vi's ghost (journeyman TrFi)
 13324 | Lair:5   | Killed Vi's ghost
 13324 | Lair:5   | Reached skill level 14 in Armour
 13857 | Lair:6   | Entered Level 6 of the Lair of Beasts
 14018 | Lair:6   | Noticed an entropy weaver
 14020 | Lair:6   | Noticed an entropy weaver
 14025 | Lair:6   | Received a gift from Trog
 14031 | Lair:6   | Killed an entropy weaver
 14031 | Lair:6   | Killed an entropy weaver
 14191 | Lair:6   | Reached skill level 15 in Axes
 14431 | Lair:6   | Identified 2 scrolls of acquirement
 14640 | Lair:6   | Reached skill level 15 in Armour
 14712 | Lair:6   | Reached XP level 14. HP: 133/133 MP: 13/13
 15170 | Lair:6   | Received a gift from Trog
 15181 | Lair:6   | Reached skill level 15 in Fighting
 16093 | D:11     | Found Udwoaj's Weapon Boutique.
 16100 | D:11     | Bought the +6 hand axe "Doipovam" {vamp, rN+} for 502 gold pieces
 16338 | D:11     | Found a roughly hewn altar of Beogh.
 16345 | D:11     | Received a gift from Trog
 16652 | D:11     | Noticed Fannar
 16661 | D:11     | Killed Fannar
 17048 | D:12     | Found a frozen archway.
 17069 | D:12     | Received a gift from Trog
 17087 | IceCv    | Entered an ice cave
 17112 | IceCv    | Reached skill level 16 in Armour
 17374 | IceCv    | Noticed a frost giant
 17392 | IceCv    | Killed a frost giant
 17807 | D:12     | Found an opulent altar of Gozag.
 17816 | D:12     | Found Gozag's Platinum Reserve.
 17901 | D:12     | Received a gift from Trog
 18160 | D:12     | Reached XP level 15. HP: 135/144 MP: 14/14
 18164 | D:12     | Got a pair of twisted boots
 18170 | D:12     | Identified the -2 pair of boots of Relativism {*Slow rElec rPois} (You acquired it on level 12 of the Dungeon)
 18695 | Orc:2    | Noticed Erolcha
 18701 | Orc:2    | Killed Erolcha
 18866 | Orc:2    | Found a staircase to the Elven Halls.
 18879 | Orc:2    | Found Taginot's Food Boutique.
 18887 | Orc:2    | Bought a royal jelly for 22 gold pieces
 18904 | Orc:2    | Noticed Nessos
 18928 | Orc:2    | Killed Nessos
 19351 | Orc:2    | Noticed Azrael
 19362 | Orc:2    | Killed Azrael
 19528 | Orc:2    | Found Nyffejipn's Magic Scroll Shoppe.
 19528 | Orc:2    | Found Mowkoaca's Jewellery Boutique.
 19530 | Orc:2    | Found Ciogg's Food Shop.
 19532 | Orc:2    | Found Vaqu's Weapon Emporium.
 19546 | Orc:2    | Bought a scroll of blinking for 105 gold pieces
 19546 | Orc:2    | Bought a scroll of teleportation for 42 gold pieces
 19546 | Orc:2    | Bought a scroll of identify for 28 gold pieces
 19546 | Orc:2    | Bought a scroll of enchant weapon for 105 gold pieces
 19546 | Orc:2    | Bought a scroll of teleportation for 42 gold pieces
 19764 | D:10     | Received a gift from Trog
 19943 | Shoals:1 | Entered Level 1 of the Shoals
 19943 | Shoals:1 | Noticed Josephine
 19949 | Shoals:1 | Killed Josephine
 20110 | Shoals:1 | Received a gift from Trog
 20123 | Shoals:1 | Noticed Louise
 20144 | Shoals:1 | Killed Louise
 20492 | Shoals:2 | Reached skill level 1 in Shields
 20653 | Shoals:2 | Reached skill level 17 in Armour
 21827 | Shoals:3 | Reached ****** piety under Trog
 21945 | Shoals:3 | Reached skill level 5 in Shields
 22008 | Shoals:3 | Received a gift from Trog
 22069 | Shoals:3 | Reached XP level 16. HP: 155/155 MP: 15/15
 22507 | Shoals:4 | Entered Level 4 of the Shoals
 22507 | Shoals:4 | Noticed Ilsuiw
 22616 | Shoals:4 | Killed Ilsuiw
 22693 | Shoals:4 | Got a scorched great mace
 22694 | Shoals:4 | Identified the +6 great mace of Apeg {speed, rF+ MR+} (You found it on level 4 of the Shoals)
 22893 | Shoals:4 | Got a smoking ring mail
 22926 | Shoals:4 | Received a gift from Trog
 22947 | Shoals:4 | Reached skill level 18 in Armour
 23087 | Shoals:4 | Got a barnacled rune of Zot
 24101 | Elf:1    | Entered Level 1 of the Elven Halls
 24110 | Elf:1    | Received a gift from Trog
 24500 | Elf:1    | Found a radiant altar of Vehumet.
 24736 | Elf:1    | Reached XP level 17. HP: 163/163 MP: 16/16
 24869 | Elf:1    | Identified the +3 ring mail of Acryubis {+Blink rC+ Dex+3} (You took it off a merfolk on level 4 of the Shoals)
 25088 | Elf:1    | Received a gift from Trog
 25793 | Elf:2    | Received a gift from Trog
 25866 | Elf:2    | Found a runed gate.
 25866 | Elf:2    | Found a runed gate.
 25866 | Elf:2    | Found a runed gate.
 26106 | Elf:2    | Found Unepots's Book Shoppe.
 26174 | Elf:2    | Reached skill level 19 in Armour
 26301 | Elf:3    | Entered Level 3 of the Elven Halls
 26698 | Elf:3    | Killed from afar by a deep elf annihilator

Vault maps used:
D:1:      matt_arrival_refuge, cheibriados_altar_1
D:2:      minmay_pentomino_p4
D:3:      minmay_misc_feat_four_crosses
D:4:      marbit_many_paths, minmay_temple_entry_junction_2, minivault_24,
          uniq_sigmund
D:5:      first_bread, serial_shops, shop_coins
D:6:      serial_shops, shop, serial_corexii_hall, corexii_hall_statues_l,
          corexii_hall_statues_deadend, lightli_corner_chamber
D:7:      cheibrodos_shockbox, nicolae_overflow_hidden_temple, serial_glass,
          glass_columns_b, glass_columns_a, enter_ossuary_5, grunt_livestock,
          hangedman_decor_riveting, uniq_pikel
D:8:      hangedman_misty_isle
D:9:      lair_entry_dummy, uniq_psyche
D:10:     hiddenorc1_lemuel
D:11:     serial_shops, shop, special_room, grunt_decor_cap, uniq_fannar
D:12:     portal_ice_cave_entry_animals_and_master,
          nicolae_gozag_zags_fifth_avenue
Lair:2:   serial_bayou_shore_a, grunt_megastairs_2, infiniplex_staircase_pool
Lair:3:   wad_woods_04, minmay_snake_entry_guardpost_small
Lair:4:   shoals_dummy_entry, dpeg_oklob_1
Lair:5:   slime_altar_1, infiniplex_staircase_pool_2
Lair:6:   evilmike_catoblepas_cave, minmay_another_anthill
Shoals:1: st_shoals_ruin, uniq_louise, uniq_josephine
Shoals:4: shoals_end_simple, shoal_ilsuiw, lemuel_centaur_altar
Orc:1:    uniq_harold
Orc:2:    st_orc_rangers, nicolae_volcano_entry_vermiform, serial_shops, shop,
          uniq_nessos, uniq_azrael, uniq_erolcha
Elf:1:    elf_arrival_002, basic_altar
Elf:2:    serial_shops, shop_fountains, grunt_ministairs_11,
          minmay_elf_necromancy, uniq_donald
Elf:3:    grunt_elf_hall_diamonds, serial_glass, glass_columns_b,
          glass_columns_c
Ossuary:  ossuary_tomb_1
IceCv:    ice_cave_caverns_03

Skill      XL: |  1  2  3  4  5  6  7  8  9 10 11 12 13 14 15 16 17 |
---------------+----------------------------------------------------+-----
Axes           | 4 5 6 8 9 10 12 13 15 16 17 18 | 18.7
Armour         | 3 4 5 6 7 9 10 12 13 15 16 17 18 19 | 19.0
Fighting       | 4 5 6 8 9 10 12 13 14 16 17 18 | 18.5
Dodging        | 3 4 5 7 8 9 10 11 12 13 | 13.8
Shields        | 5 8 9 |  9.6

Action                   |  1- 3 |  4- 6 |  7- 9 | 10-12 | 13-15 | 16-18 || total
-------------------------+-------+-------+-------+-------+-------+-------++-------
Melee: Hand axe          |    75 |    83 |   262 |   144 |   233 |   770 ||  1567
       Headbutt          |     6 |    19 |    53 |   123 |   286 |   279 ||   766
       Bite              |       |       |    21 |    61 |   160 |   156 ||   398
       Battleaxe         |       |       |       |   353 |   616 |       ||   969
Throw: Throwing net      |       |       |     2 |       |       |       ||     2
Invok: Berserk           |       |     4 |     9 |    23 |    32 |    13 ||    81
       Trog's Hand       |       |     2 |     9 |    13 |     2 |     2 ||    28
       Burn Spellbooks   |       |       |     3 |     5 |     3 |     1 ||    12
       Brothers in Arms  |       |       |       |     1 |    14 |     8 ||    23
Evoke: Lightning rod     |       |       |       |       |       |     1 ||     1
  Use: Potion            |       |       |     4 |    10 |     2 |     1 ||    17
       Scroll            |       |       |     4 |    24 |    16 |     4 ||    48
 Stab: Distracted        |       |     1 |       |       |       |     2 ||     3
       Invisible         |       |       |       |       |     1 |       ||     1
  Eat: Chunk             |       |     9 |    22 |    45 |    60 |    29 ||   165
       Fruit             |       |       |     2 |     2 |     6 |       ||    10
       Royal jelly       |       |       |       |     2 |     3 |     2 ||     7
Armor: Animal skin       |    15 |    13 |    14 |     3 |       |       ||    45
       Skin              |       |       |    38 |       |       |       ||    38
       Scale mail        |       |       |       |    20 |       |       ||    20
       Plate armour      |       |       |       |   180 |   287 |   248 ||   715
       Ice dragon scales |       |       |       |       |    30 |       ||    30
Dodge: Dodged            |    58 |    47 |   162 |   420 |   668 |   261 ||  1616
Block: Other             |       |       |       |    38 |       |       ||    38
       Reflection        |       |       |       |     5 |       |       ||     5
       Large shield      |       |       |       |       |   153 |   553 ||   706
